 Dungeon Crawl Stone Soup version 0.17-a0-1954-g0dddeaa (webtiles) character file.

7505 glosham the Ducker (level 10, 0/82 HPs)
             Began as a Demigod Skald on Oct 3, 2015.
             Slain by an ice beast (4 damage)
             ... summoned by Fannar
             ... on level 1 of the Lair of Beasts on Oct 4, 2015.
             The game lasted 02:11:53 (6041 turns).

glosham the Ducker (Demigod Skald)                  Turns: 6041, Time: 02:11:53

Health: 0/82       AC:  8    Str: 21    XL:     10   Next: 64%
Magic:  8/20       EV: 16    Int: 16    God:
Gold:   288        SH:  0    Dex: 15    Spells: 6 memorised, 3 levels left

rFire  + + .     SeeInvis .     a - +4 whip (elec)
rCold  + . .     Clarity  .     X - +2 robe {rF+}
rNeg   . . .     SustAt   +     (no shield)
rPois  +         Gourm    .     (no helmet)
rElec  +         Spirit   .     Y - +0 cloak
rCorr  +         Warding  .     (no gloves)
rMut   .         Stasis   .     W - +2 pair of boots
MR     +....                    (no amulet)
Stlth  ++........               (no ring)
                                (no ring)

@: resistant, somewhat resistant to hostile enchantments, unstealthy
A: high mp 1, sustain attributes
a: no special abilities


You were on level 1 of the Lair of Beasts.
You were not hungry.

You visited 2 branches of the dungeon, and saw 11 of its levels.
You also visited: Ossuary.

You collected 548 gold pieces.
You spent 260 gold pieces at shops.

Inventory:

Hand weapons
 a - a +4 whip of electrocution (weapon)
 b - a +4 hand axe of chopping
 c - a +1 hunting sling of flaming
 d - a +0 morningstar of protection
Missiles
 e - 156 stones (quivered)
Armour
 W - a +2 pair of boots (worn)
 X - a +2 robe of fire resistance (worn)
 Y - a +0 cloak (worn)
Magical devices
 g - a wand of polymorph (22)
Scrolls
 j - 2 scrolls of fear
 s - 3 scrolls of immolation
 v - a scroll of enchant armour
 y - 2 scrolls of recharging
 A - 2 scrolls of remove curse
 L - 2 scrolls of identify
Potions
 k - a potion of agility
 l - 3 potions of magic
 n - 3 potions of curing
 o - a potion of ambrosia
 u - a potion of might
 z - a potion of berserk rage {!q}
 C - a potion of invisibility
 I - a potion of lignification
Books
 h - a Grand Grimoire

   Spells                             Type                      Level
   a - Monstrous Menagerie            Summoning                    6
   b - Summon Greater Demon           Summoning                    7
   c - Malign Gateway                 Summoning/Translocation      7
   d - Summon Horrible Things         Summoning                    8
Miscellaneous
 w - a lantern of shadows
Comestibles
 f - 7 bread rations
 G - 8 chunks of flesh


   Skills:
 + Level 5.6 Fighting
 - Level 1.7(4.7) Axes
 * Level 7.0(7.1) Maces & Flails
 - Level 1.0 Armour
 * Level 7.5 Dodging
 + Level 4.8 Spellcasting
 - Level 3.1 Hexes
 - Level 4.1 Charms
 - Level 4.0 Necromancy
 * Level 4.3 Translocations
 - Level 4.0 Evocations


You had 3 spell levels left.
You knew the following spells:

 Your Spells              Type           Power        Failure   Level  Hunger
c - Spectral Weapon       Hex/Chrm       ###.....     12%         3    ###....
g - Passage of Golubria   Tloc           N/A          28%         4    ####...
i - Infusion              Chrm           ###...       3%          1    None
r - Regeneration          Chrm/Necr      ###.......   12%         3    ###....
s - Shroud of Golubria    Chrm/Tloc      ###.......   6%          2    ##.....
S - Swiftness             Chrm/Air       ##......     12%         2    ##.....


Dungeon Overview and Level Annotations

Branches:
Dungeon (10/15)              Lair (1/8) D:10
 Temple: D:4-7          Orc: D:9-12

Shops:
D:4 }   D:9 *

Annotations:
Lair:1 Fannar


Innate Abilities, Weirdness & Mutations

You have an increased reservoir of magic (+10% MP).
Your attributes are resistant to harm.


Message History

Fannar closely misses you. The ice beast closely misses you.
Casting: Spectral Weapon
Confirm with . or Enter, or press ? or * to list all spells.
You draw out your weapon's spirit!
The ice beast barely misses you.
Fannar hits you with a quarterstaff of freezing!
Fannar freezes you.
You hit Fannar but do no damage.
There is a sudden explosion of sparks!
Fannar is almost dead.
The ice beast closely misses you. Fannar blocks your attack.
Fannar is almost dead.
Your spectral weapon closely misses Fannar.
The ice beast hits you.
* * * LOW HITPOINT WARNING * * *
The ice beast freezes you. You resist.
* * * LOW HITPOINT WARNING * * *
Fannar gestures wildly while chanting.
Fannar blinks!
The ice beast completely misses you.
Fannar casts a spell.
The ice beast completely misses you.
Fannar hits you with a quarterstaff of freezing.
* * * LOW HITPOINT WARNING * * *
You closely miss Fannar.
Fannar is almost dead.
Your spectral weapon hits Fannar.
The ice beast hits you.
* * * LOW HITPOINT WARNING * * *
The ice beast freezes you. You resist.
* * * LOW HITPOINT WARNING * * *
Fannar blocks your attack.
Fannar is almost dead.
Your spectral weapon completely misses Fannar.
Fannar points at you and mumbles some strange words.
The bolt of cold misses you. The ice beast closely misses you.
You miss Fannar.
Fannar is almost dead.
Your spectral weapon closely misses Fannar.
The ice beast hits you.
* * * LOW HITPOINT WARNING * * *
The ice beast freezes you. You resist.
You die...

#...........###
#..............
#..............
##..........###.
#...........##
##.........."###.
#P...............
##..eYY..........
#..(@Y..........
#...............
##########......
...... .....[
....>. ###


You could see Fannar and 3 ice beasts.

Vanquished Creatures
  Pikel (D:4)
  A troll (D:9)
  A fire drake (D:10)
  16 yaks
  2 hungry ghosts
  2 hippogriffs
  4 wolves (Lair:1)
  An orc warrior (D:8)
  An ice beast (D:8)
  5 phantoms
  A spider (D:8)
  3 sky beasts
  An ogre (D:6)
  A necrophage (D:8)
  2 crocodiles (D:9)
  2 slaves (D:4)
  A centaur (D:9)
  3 giant frogs
  An elf zombie (Ossuary)
  A big kobold (D:9)
  A gnoll sergeant (D:8)
  A scorpion (D:9)
  12 killer bees
  A crimson imp (D:5)
  2 centaur zombies
  2 hounds
  2 jellies
  A quasit (D:9)
  2 centaur skeletons
  2 orc priests (D:8)
  2 giant frog zombies
  2 orc wizards
  An iguana (D:4)
  6 worker ants
  2 big kobold zombies (Ossuary)
  2 mummies (Ossuary)
  A hound skeleton (D:5)
  3 gnolls (D:8)
  A worker ant zombie (D:8)
  A shadow imp (D:10)
  6 adders
  An ooze (D:2)
  A worm (D:2)
  3 giant geckos
  14 orcs
  2 gnoll zombies (Ossuary)
  11 goblins
  6 hobgoblins
  4 jackals (D:3)
  4 quokkas
  4 bats
  7 giant cockroaches
  8 giant newts
  5 goblin zombies (Ossuary)
  A hobgoblin zombie (Ossuary)
  A jackal skeleton (D:7)
  7 kobolds
  2 orc zombies (Ossuary)
  A quokka skeleton (D:5)
  7 rats
192 creatures vanquished.

Vanquished Creatures (others)
  7 spectral weapons
7 creatures vanquished.

Grand Total: 199 creatures vanquished

Notes
Turn   | Place    | Note
--------------------------------------------------------------
     0 | D:1      | glosham the Demigod Skald began the quest for the Orb.
     0 | D:1      | Reached XP level 1. HP: 17/17 MP: 5/5
    69 | D:1      | Reached skill level 2 in Fighting
   125 | D:1      | Reached XP level 2. HP: 18/25 MP: 2/7
   177 | D:1      | Learned a level 2 spell: Shroud of Golubria
   266 | D:2      | Reached skill level 3 in Fighting
   595 | D:2      | Reached XP level 3. HP: 25/31 MP: 4/8
  1577 | D:3      | Reached skill level 4 in Fighting
  1947 | D:4      | Reached skill level 1 in Dodging
  1985 | D:4      | Reached XP level 4. HP: 37/40 MP: 6/9
  2040 | D:4      | Reached skill level 2 in Dodging
  2074 | D:4      | Noticed a phantom
  2095 | D:4      | Killed a phantom
  2095 | D:4      | Reached skill level 3 in Dodging
  2095 | D:4      | Reached XP level 5. HP: 23/46 MP: 2/10
  2100 | D:4      | Learned a level 3 spell: Regeneration
  2388 | D:4      | Found Qawipaph's Gadget Emporium.
  2584 | D:4      | Noticed a phantom
  2609 | D:4      | Killed a phantom
  2609 | D:4      | Reached skill level 4 in Dodging
  2609 | D:4      | Reached XP level 6. HP: 35/52 MP: 11/11
  2657 | D:4      | Noticed a slave
  2657 | D:4      | Noticed a slave
  2691 | D:4      | Killed a slave
  2709 | D:4      | Killed a slave
  2783 | D:4      | Noticed Pikel
  2789 | D:4      | Noticed a slave
  2796 | D:4      | Noticed a slave
  2803 | D:4      | Killed Pikel
  2803 | D:4      | Reached skill level 3 in Spellcasting
  2803 | D:4      | Reached skill level 4 in Necromancy
  2803 | D:4      | Reached XP level 7. HP: 32/59 MP: 11/14
  2905 | D:5      | Entered Level 5 of the Dungeon
  2943 | D:5      | Reached skill level 1 in Maces & Flails
  2986 | D:6      | Reached skill level 2 in Maces & Flails
  3046 | D:6      | Found a sand-covered staircase.
  3098 | Ossuary  | Entered an ossuary
  3165 | Ossuary  | Reached skill level 3 in Maces & Flails
  3482 | D:4      | Bought a lantern of shadows for 260 gold pieces
  3486 | D:4      | Learned a level 3 spell: Spectral Weapon
  3589 | D:6      | Reached skill level 1 in Hexes
  3589 | D:6      | Reached skill level 1 in Evocations
  3589 | D:6      | Reached XP level 8. HP: 66/66 MP: 11/16
  3605 | D:6      | Found a burning altar of Makhleb.
  3746 | D:8      | Reached skill level 3 in Charms
  3770 | D:8      | Reached skill level 2 in Hexes
  3770 | D:8      | Reached skill level 2 in Evocations
  3886 | D:8      | Found a shimmering altar of Xom.
  4023 | D:8      | Reached skill level 3 in Hexes
  4023 | D:8      | Reached skill level 3 in Evocations
  4034 | D:8      | Reached skill level 1 in Armour
  4145 | D:8      | Reached skill level 4 in Maces & Flails
  4274 | D:8      | Reached skill level 5 in Dodging
  4298 | D:8      | Reached XP level 9. HP: 19/71 MP: 1/17
  4482 | D:8      | Reached skill level 4 in Evocations
  4569 | D:8      | Found a glowing silver altar of Zin.
  4569 | D:8      | Found an opulent altar of Gozag.
  4569 | D:8      | Found an iron altar of Okawaru.
  4619 | D:9      | Reached skill level 4 in Charms
  4754 | D:9      | Found a sacrificial altar of Ru.
  4825 | D:9      | Reached skill level 5 in Maces & Flails
  4880 | D:9      | Learned a level 4 spell: Passage of Golubria
  4883 | D:9      | Learned a level 2 spell: Swiftness
  5033 | D:9      | Reached skill level 6 in Dodging
  5033 | D:9      | Reached skill level 4 in Spellcasting
  5079 | D:9      | Reached skill level 1 in Translocations
  5088 | D:9      | Found a glowing golden altar of the Shining One.
  5166 | D:9      | Found Jec Osho's Evil Emporium.
  5168 | D:9      | Found an ancient bone altar of Kikubaaqudgha.
  5265 | D:9      | Reached skill level 5 in Fighting
  5289 | D:9      | Reached skill level 2 in Translocations
  5398 | D:9      | Found a bloodstained altar of Trog.
  5398 | D:9      | Found a shadowy altar of Dithmenos.
  5429 | D:9      | Reached XP level 10. HP: 75/81 MP: 8/20
  5443 | D:9      | Reached skill level 6 in Maces & Flails
  5464 | D:9      | Reached skill level 3 in Translocations
  5514 | D:9      | Reached skill level 7 in Dodging
  5556 | D:10     | Entered Level 10 of the Dungeon
  5813 | D:10     | Found a staircase to the Lair.
  5853 | Lair:1   | Entered Level 1 of the Lair of Beasts
  5877 | Lair:1   | Reached skill level 4 in Translocations
  5963 | Lair:1   | Reached skill level 7 in Maces & Flails
  6006 | Lair:1   | Noticed Fannar
  6039 | Lair:1   | HP: 7/82 [ice beast[Fannar] (5)]
  6041 | Lair:1   | Slain by an ice beast

Vault maps used:
D:1:      mrwooster_arrival_statue_2
D:2:      first_bread, minivault_24, hangedman_glass_teeth
D:4:      serial_shops, nicolae_shop_statue_plus, minmay_bad_closet,
          lemuel_another_geyser, uniq_pikel
D:5:      uniq_prince_ribbit1, uniq_blork_the_orc, uniq_sigmund
D:6:      serial_shops, kennysheep_mini_moat, basic_altar,
          nicolae_ossuary_entry_false_entrances, st_stairs_7, uniq_menkaure
D:7:      temple_green, serial_co_window_serial, co_window_of_opportunity_a,
          co_window_paths_a, co_window_of_opportunity_a, co_window_paths_a,
          co_window_of_opportunity_a, co_window_corner_a, co_window_paths_b,
          co_window_cross_4, co_window_broadway_c, co_window_corner_b,
          co_window_4corner_a, co_window_4corner_b, glass_columns_b,
          glass_columns_a, glass_columns_c, grunt_livestock,
          minmay_misc_feat_tower, st_stairs_14, okawaru_altar_gauntlet_db
D:8:      nicolae_overflow_hidden_temple, minmay_misc_feat_nine_boxes,
          grunt_ministairs_9
D:9:      nicolae_tso_swordbearing_angel, gammafunk_temple_overflow_elements,
          basic_altar, nicolae_evil_shop
D:10:     minmay_lair_entry_lava, serial_shops, shop
Lair:1:   basic_altar, cheibrodos_lair_caveside_slide, serial_bayou_lagoon_b,
          uniq_fannar
Ossuary:  minmay_ossuary_gauntlet

Action                   |  1- 3 |  4- 6 |  7- 9 | 10-12 || total
-------------------------+-------+-------+-------+-------++-------
Melee: Hand axe          |   176 |    30 |    17 |       ||   223
       Unarmed           |       |     6 |       |       ||     6
       Whip              |       |       |   353 |   123 ||   476
 Fire: Hunting sling     |     5 |    28 |       |       ||    33
Throw: Stone             |       |       |       |     1 ||     1
 Cast: Infusion          |    24 |     5 |     5 |     1 ||    35
       Shroud of Golubri |       |     1 |     2 |       ||     3
       Regeneration      |       |       |    25 |     8 ||    33
       Spectral Weapon   |       |       |    29 |    15 ||    44
Evoke: Wand              |       |       |     1 |       ||     1
  Use: Scroll            |    14 |       |     3 |     4 ||    21
       Potion            |       |     5 |     2 |     1 ||     8
 Stab: Distracted        |       |       |     3 |     2 ||     5
  Eat: Chunk             |     4 |     3 |    13 |     5 ||    25
       Fruit             |       |       |     1 |       ||     1
       Beef jerky        |       |       |     1 |       ||     1

Table legend:
 A = Turns spent in this place as a percentage of turns spent in the entire game.
 B = Non-inter-level travel turns spent in this place as a percentage of non-inter-level travel turns spent in the entire game.
 C = Inter-level travel turns spent in this place as a percentage of turns spent in this place.
 D = Turns resting spent in this place as a percentage of non-inter-level travel turns spent in this place.
 E = Turns spent auto-exploring this place as a percentage of non-inter-level travel turns spent in this place.
 F = Non-inter-level travel turns spent in this place divided by the number of levels of this place that you've seen.
                   A       B       C       D       E      F
               +-------+-------+-------+-------+-------+----------------------
         Total | 100.0 | 100.0 |   0.5 |   0.3 |   0.2 | 399.7
       Dungeon |  91.3 |  91.3 |   0.5 |   0.3 |   0.2 | 437.7
          Lair |   3.8 |   3.8 |   0.0 |   0.0 |   0.0 | 183.0
       Ossuary |   4.9 |   4.9 |   0.0 |   0.0 |   0.0 | 236.0
               +-------+-------+-------+-------+-------+----------------------

Table legend:
 A = Kills in this place as a percentage of kills in entire the game.
 B = Kills by you in this place as a percentage of kills by you in the entire game.
 C = Kills by friends in this place as a percentage of kills by friends in the entire game.
 D = Other kills in this place as a percentage of other kills in the entire game.
 E = Experience gained in this place as a percentage of experience gained in the entire game.
 F = Experience gained in this place divided by the number of levels of this place that you have seen.
                   A       B       C       D       E      F
               +-------+-------+-------+-------+-------+----------------------
         Total | 100.0 | 100.0 |  -nan |  -nan | 100.0 | 893.5
       Dungeon |  86.3 |  86.3 |  -nan |  -nan |  80.8 | 866.8
          Lair |   5.3 |   5.3 |  -nan |  -nan |  16.8 | 1802.0
       Ossuary |   8.4 |   8.4 |  -nan |  -nan |   2.4 | 252.0
               +-------+-------+-------+-------+-------+----------------------

Vault maps used:
D:1:      mrwooster_arrival_statue_2
D:2:      first_bread, minivault_24, hangedman_glass_teeth
D:4:      serial_shops, nicolae_shop_statue_plus, minmay_bad_closet,
          lemuel_another_geyser, uniq_pikel
D:5:      uniq_prince_ribbit1, uniq_blork_the_orc, uniq_sigmund
D:6:      serial_shops, kennysheep_mini_moat, basic_altar,
          nicolae_ossuary_entry_false_entrances, st_stairs_7, uniq_menkaure
D:7:      temple_green, serial_co_window_serial, co_window_of_opportunity_a,
          co_window_paths_a, co_window_of_opportunity_a, co_window_paths_a,
          co_window_of_opportunity_a, co_window_corner_a, co_window_paths_b,
          co_window_cross_4, co_window_broadway_c, co_window_corner_b,
          co_window_4corner_a, co_window_4corner_b, glass_columns_b,
          glass_columns_a, glass_columns_c, grunt_livestock,
          minmay_misc_feat_tower, st_stairs_14, okawaru_altar_gauntlet_db
D:8:      nicolae_overflow_hidden_temple, minmay_misc_feat_nine_boxes,
          grunt_ministairs_9
D:9:      nicolae_tso_swordbearing_angel, gammafunk_temple_overflow_elements,
          basic_altar, nicolae_evil_shop
D:10:     minmay_lair_entry_lava, serial_shops, shop
Lair:1:   basic_altar, cheibrodos_lair_caveside_slide, serial_bayou_lagoon_b,
          uniq_fannar
Ossuary:  minmay_ossuary_gauntlet
